 Dungeon Crawl Stone Soup version 0.27-a0-1200-g94dc6ad4cf (webtiles) character file.

Game seed: 10238815092221790246

12318 Delamore the Basher (level 11, -2/66 HPs)
             Began as a Gargoyle Fighter on May 31, 2021.
             Was a High Priest of Okawaru.
             Slain by a skeletal warrior
             ... wielding a +0 trident of flaming
             ... led by a skeletal warrior
              (15 damage)
             ... on level 10 of the Dungeon.
             The game lasted 00:15:15 (13341 turns).

Delamore the Basher (Gargoyle Fighter)             Turns: 13341, Time: 00:15:15

Health: -2/66      AC: 25    Str: 27    XL:     11   Next: 91%
Magic:  9/14       EV:  7    Int: 12    God:    Okawaru [*****.]
Gold:   537        SH: 14    Dex: 19    Spells: 10/10 levels left

rFire    + . .     SeeInvis .   H - +7 flail of the Eggplant {vorpal, rF+ Dex+4}
rCold    + . .     Faith    .   c - +1 kite shield
rNeg     + . .     Spirit   .   b - +1 chain mail {rC+}
rPois    ∞         Reflect  .   v - +0 helmet
rElec    +         Harm     .   (no cloak)
rCorr    .         Rampage  .   G - +1 pair of gloves of Gravitas {Will+ Str+4 Int+3 Stlth+}
Will     +....                  (no boots)
Stlth    ..........             (no amulet)
HPRegen  0.21/turn              m - +6 ring of dexterity
MPRegen  0.14/turn              l - +4 ring of protection

@: finesse-ful, studying Fighting
A: sickness immunity, AC +8, negative energy resistance 1, electricity
resistance, torment resistance 1, petrification resistance
a: Renounce Religion, Heroism, Finesse


You were on level 10 of the Dungeon.
You worshipped Okawaru.
Okawaru was extremely pleased with you.
You visited 2 branches of the dungeon, and saw 12 of its levels.
You also visited: Ossuary and Bailey.

You collected 750 gold pieces.
You spent 213 gold pieces at shops.

Inventory:

Hand Weapons
 H - the +7 flail of the Eggplant (weapon) {vorpal, rF+ Dex+4}
   (You found it on level 7 of the Dungeon)

   It inflicts extra damage upon your enemies.
   It affects your dexterity (+4).
   It protects you from fire.
 P - a +1 eveningstar
Missiles
 s - 17 silver javelins (quivered)
 y - 27 poisoned darts
 A - 6 javelins
 C - 7 boomerangs
 S - 5 curare-tipped darts
 T - 2 throwing nets
Armour
 b - a +1 chain mail of cold resistance (worn)
 c - a +1 kite shield (worn)
 v - a +0 helmet (worn)
 G - the +1 pair of gloves of Gravitas (worn) {Will+ Str+4 Int+3 Stlth+}
   (You found it on level 7 of the Dungeon)

   It affects your strength (+4).
   It affects your intelligence (+3).
   It increases your willpower.
   It makes you more stealthy.
Jewellery
 l - a +4 ring of protection (right hand)
 m - a +6 ring of dexterity (left hand)
 u - a ring of magical power
 O - an amulet of faith
 U - a ring of positive energy
Wands
 z - a wand of mindburst (27)
 K - a wand of paralysis (21)
 R - a wand of iceblast (9)
Scrolls
 a - a scroll of identify
 g - 2 scrolls of vulnerability
 h - a scroll of fog
 i - 3 scrolls of amnesia
 k - a scroll of noise
 n - a scroll of blinking
 r - 4 scrolls of teleportation
 E - a scroll of fear {unknown}
 M - 3 scrolls of enchant armour
Potions
 d - 5 potions of might
 e - a potion of brilliance {unknown}
 f - 11 potions of degeneration
 j - 3 potions of attraction
 q - 4 potions of haste
 t - 6 potions of flight {unknown}
 w - a potion of berserk rage {unknown}
 x - a potion of mutation {unknown}
 B - a potion of invisibility {unknown}
 I - 2 potions of lignification {unknown}
 J - 3 potions of heal wounds {unknown}
 L - 2 potions of magic {unknown}


   Skills:
 + Level 6.8 Fighting
 - Level 14.0 Maces & Flails
 - Level 6.0 Throwing
 - Level 3.2 Armour
 + Level 8.9 Shields
 - Level 5.0 Invocations


You had 10 spell levels left.
You didn't know any spells.
Your spell library contained the following spells:

 Spells                   Type           Power      Damage    Failure   Level
 Magic Dart               Conj           0%         1d3       99%         1
 Summon Small Mammal      Summ           0%         N/A       99%         1
 Blink                    Tloc           N/A        N/A       100%        2
 Call Imp                 Summ           0%         N/A       100%        2
 Slow                     Hex            0%         N/A       100%        2
 Call Canine Familiar     Summ           0%         N/A       100%        3
 Conjure Flame            Conj/Fire      0%         6-21      100%        3
 Mephitic Cloud           Conj/Pois/Air  0%         N/A       100%        3
 Summon Guardian Golem    Hex/Summ       0%         N/A       100%        3
 Summon Ice Beast         Ice/Summ       0%         N/A       100%        4
 Summon Lightning Spire   Summ/Air       0%         N/A       100%        4


Dungeon Overview and Level Annotations

Branches:
Dungeon (11/15)            Temple (1/1) D:4             Orc (0/2) D:9
Ossuary (visited)          Bailey (visited)
   Lair: D:8-11

Altars:
Ashenzari
Cheibriados
Elyvilon
Gozag
Hepliaklqana
Okawaru
Trog
Wu Jian
Xom
Yredelemnul
Zin
The Shining One

Shops:
D:4 *   D:10 *   D:11 *[

Annotations:
D:7 1 runed translucent door, glosham's ghost, weakling DjDe


Innate Abilities, Weirdness & Mutations

You are immune to sickness and miasma.
Your stone body is resilient. (AC +8)
You are immune to poison.
You resist negative energy. (rN+)
You are resistant to electric shocks. (rElec)
You are resistant to unholy torment.
You are immune to petrification.


Message History

The skeletal warrior hits you from afar with a +0 glaive!
There is a stone staircase leading up here.
The skeletal warrior hits you but does no damage.
You block the skeletal warrior's attack.
You climb upwards.
There is a stone staircase leading down here.
You hit the skeletal warrior.
The skeletal warrior is lightly damaged.
You closely miss the skeletal warrior.
The skeletal warrior is lightly damaged.
The skeletal warrior hits you but does no damage.
You closely miss the skeletal warrior.
The skeletal warrior is lightly damaged.
You feel like a meek peon again.
You sock the skeletal warrior!
The skeletal warrior is moderately damaged.
You closely miss the skeletal warrior.
The skeletal warrior is moderately damaged.
The skeletal warrior hits you with a +0 trident of flaming!
* * * LOW HITPOINT WARNING * * *
The skeletal warrior burns you.
* * * LOW HITPOINT WARNING * * *
Okay, then.
Okay, then.
You feel better.
You block the skeletal warrior's attack.
You feel better.
You block the skeletal warrior's attack.
You feel better.
You block the skeletal warrior's attack.
You barely miss the skeletal warrior.
The skeletal warrior is moderately damaged.
You barely miss the skeletal warrior.
The skeletal warrior is moderately damaged.
The skeletal warrior hits you with a +0 trident of flaming!!
* * * LOW HITPOINT WARNING * * *
The skeletal warrior burns you.
* * * LOW HITPOINT WARNING * * *
The skeletal warrior hits you from afar with a +0 trident of flaming!
You die...

......##############.# #..
......# #.# #.. ......# #.# #..
......# #.# #..
......##############.##########..
..[........>.>...................
................z................
#####...........>................
#...........@................
#............................ #
#............................
#####............................
.................................
#############....................
#.############.......
#############.############.......
......................)))[.......


You could see a skeletal warrior.

Vanquished Creatures
  Harold (D:8)
  2 two-headed ogres
  2 orc knights (Bailey)
  A cyclops (D:10)
  2 orc sorcerers (Bailey)
  A troll (D:10)
  A hornet (D:10)
  Sigmund (D:3)
  A wyvern (D:4)
  17 yaks
  Grum (D:8)
  An acid dragon (D:8)
  3 water moccasins
  A swamp drake (D:9)
  14 orc warriors
  2 black bears
  An ice beast (D:7)
  A necrophage (D:4)
  A centaur (D:6)
  2 wolves (D:8)
  3 phantoms (D:6)
  A kobold brigand (D:9)
  An elf zombie (Ossuary)
  4 bullfrogs
  3 scorpions
  A wyvern skeleton (D:6)
  3 killer bees (D:9)
  5 electric eels
  7 wights
  5 howler monkeys
  A jelly (D:7)
  4 centaur zombies
  2 hounds
  4 orc priests
  An iguana (D:5)
  8 orc wizards
  Natasha (thrice) (D:3)
  2 mummies (Ossuary)
  7 gnolls (Bailey)
  7 adders
  A shadow imp (D:6)
  2 adder zombies (Ossuary)
  4 dart slugs
  3 worms
  34 orcs
  6 ball pythons
  9 endoplasms
  2 giant cockroaches
  5 hobgoblins
  7 jackals
  13 kobolds
  6 quokkas
  A bat (D:3)
  3 frilled lizards
  15 goblins
  A goblin zombie (Ossuary)
  8 hobgoblin zombies (Ossuary)
  2 jackal zombies (Ossuary)
  10 kobold zombies (Ossuary)
  9 orc zombies (Ossuary)
  5 rats
  3 rat zombies (Ossuary)
277 creatures vanquished.

Vanquished Creatures (others)
  A gnoll (Bailey)
1 creature vanquished.

Grand Total: 278 creatures vanquished

Notes
Turn   | Place    | Note
-------+----------+-------------------------------------------
     0 | D:1      | Delamore the Gargoyle Fighter began the quest for the Orb.
     0 | D:1      | Reached XP level 1. HP: 14/14 MP: 1/1
   274 | D:1      | Reached XP level 2. HP: 19/19 MP: 2/2
   734 | D:2      | Reached skill level 3 in Maces & Flails
   734 | D:2      | Reached XP level 3. HP: 19/24 MP: 3/3
  1125 | D:2      | Found a faded altar of an unknown god.
  1207 | D:2      | Reached XP level 4. HP: 25/29 MP: 4/4
  1700 | D:3      | Noticed Sigmund
  1988 | D:4      | Noticed a scorpion
  1999 | D:4      | Killed a scorpion
  2000 | D:4      | Reached skill level 4 in Maces & Flails
  2000 | D:4      | Reached XP level 5. HP: 27/34 MP: 5/5
  2076 | D:4      | Noticed a necrophage
  2079 | D:4      | Noticed a wyvern
  2084 | D:4      | Killed a necrophage
  2085 | D:4      | Reached skill level 5 in Maces & Flails
  2085 | D:4      | Reached XP level 6. HP: 32/40 MP: 6/6
  2100 | D:4      | Killed a wyvern
  2101 | D:4      | Reached skill level 5 in Fighting
  2101 | D:4      | Reached skill level 6 in Maces & Flails
  2500 | D:4      | Found Eyedo's Eclectic Emporium.
  2533 | D:4      | Found a staircase to the Ecumenical Temple.
  2583 | Temple   | Entered the Ecumenical Temple
  2606 | Temple   | Became a worshipper of Warmaster Okawaru
  2633 | D:4      | Reached XP level 7. HP: 44/44 MP: 7/7
  3217 | D:3      | Noticed Natasha
  3231 | D:3      | Killed Natasha
  3349 | D:3      | Killed Sigmund
  3350 | D:3      | Reached skill level 7 in Maces & Flails
  3385 | D:3      | Noticed Natasha
  3608 | D:3      | Killed Natasha
  3713 | D:3      | Noticed Natasha
  3724 | D:3      | Killed Natasha
  4009 | D:3      | Found a glowing silver altar of Zin.
  4019 | D:3      | Found a basalt altar of Yredelemnul.
  4022 | D:3      | Found an ornate altar of the Wu Jian Council.
  4147 | D:5      | Entered Level 5 of the Dungeon
  4361 | D:5      | Reached skill level 8 in Maces & Flails
  4656 | D:5      | Reached XP level 8. HP: 49/49 MP: 8/8
  5629 | D:5      | Found a snail-covered altar of Cheibriados.
  5775 | D:6      | Reached * piety under Okawaru
  5899 | D:6      | Reached skill level 9 in Maces & Flails
  5982 | D:6      | Reached skill level 1 in Throwing
  6663 | D:6      | Reached skill level 10 in Maces & Flails
  6673 | D:6      | Reached ** piety under Okawaru
  6674 | D:6      | Reached XP level 9. HP: 47/54 MP: 9/9
  6969 | D:7      | Identified the +1 pair of gloves of Gravitas {Will+ Str+4
                  | Int+3 Stlth+}
  7014 | D:7      | Found a sand-covered staircase.
  7041 | D:7      | Identified the +7 flail of the Eggplant {vorpal, rF+ Dex+4}
  7052 | Ossuary  | Entered an ossuary
  7306 | D:7      | Reached skill level 11 in Maces & Flails
  7618 | D:7      | Found a runed translucent door.
  7618 | D:7      | Found a shimmering altar of Xom.
  7618 | D:7      | Noticed glosham's ghost (weakling DjDe)
  7618 | D:7      | Noticed a +0 trident of chaos
  8245 | D:4      | Bought a +0 eveningstar for 195 gold pieces
  8499 | D:8      | Reached *** piety under Okawaru
  8534 | D:8      | Reached skill level 5 in Throwing
  8538 | D:8      | Received a gift from Okawaru
  8539 | D:8      | Reached XP level 10. HP: 32/59 MP: 10/10
  8545 | D:8      | Reached skill level 12 in Maces & Flails
  8937 | D:8      | Noticed Grum
  8947 | D:8      | Killed Grum
  9112 | D:8      | Received a gift from Okawaru
  9139 | D:8      | Reached **** piety under Okawaru
  9347 | D:8      | Noticed a two-headed ogre
  9357 | D:8      | Killed a two-headed ogre
  9357 | D:8      | Received a gift from Okawaru
  9358 | D:8      | Reached skill level 13 in Maces & Flails
  9516 | D:8      | Noticed Harold
  9531 | D:8      | Killed Harold
  9959 | D:9      | Reached skill level 14 in Maces & Flails
  9965 | D:9      | Reached XP level 11. HP: 63/63 MP: 11/11
 10033 | D:9      | Noticed a two-headed ogre
 10043 | D:9      | Killed a two-headed ogre
 10498 | D:9      | Found a staircase to the Orcish Mines.
 10530 | D:9      | Received a gift from Okawaru
 10914 | D:10     | Entered Level 10 of the Dungeon
 10938 | D:9      | Reached skill level 5 in Shields
 11130 | D:10     | Found a flagged portal.
 11139 | Bailey   | Entered a bailey
 11242 | Bailey   | Found an iron altar of Okawaru.
 11242 | Bailey   | Noticed an orc sorcerer
 11242 | Bailey   | Noticed an orc sorcerer
 11243 | Bailey   | Noticed an orc knight
 11246 | Bailey   | Killed an orc sorcerer
 11254 | Bailey   | Noticed a sixfirhy
 11255 | Bailey   | Noticed a sun demon
 11256 | Bailey   | Killed an orc knight
 11256 | Bailey   | Reached ***** piety under Okawaru
 11257 | Bailey   | Reached skill level 5 in Invocations
 11262 | Bailey   | Killed an orc sorcerer
 11466 | Bailey   | Identified the +0 leather armour of Starshine {rCorr}
 11758 | Bailey   | Noticed an orc knight
 11772 | Bailey   | Killed an orc knight
 12087 | Bailey   | Acquired a manual of Fighting
 12131 | D:10     | Noticed a cyclops
 12143 | D:10     | Killed a cyclops
 12143 | D:10     | Received a gift from Okawaru
 12540 | D:10     | Found Xyihesod's Assorted Antiques.
 12613 | D:10     | Bought a metallic pink potion for 18 gold pieces
 13144 | D:11     | Found Elorat's Antique Armour Boutique.
 13144 | D:11     | Found Kuan's Assorted Antiques.
 13148 | D:11     | Noticed a skeletal warrior
 13148 | D:11     | Noticed a skeletal warrior
 13150 | D:11     | Noticed a skeletal warrior
 13150 | D:11     | Noticed a skeletal warrior
 13341 | D:10     | Slain by a skeletal warrior

Illustrated notes

Levels and vault maps discovered:
D:1:      eino_arrival_cavern_d, layout_basic
D:2:      layout_basic, shapermc_ecumenical_altar_mp_highgroup,
          minmay_misc_feat_pillars, kennysheep_generic_room_15
D:3:      layout_rooms, minmay_overflow_temple_star_quad, uniq_natasha,
          uniq_sigmund
D:4:      layout_basic, minmay_temple_entry_wispy, st_stairs_2,
          nicolae_alphabet_shops
D:5:      layout_loops_corners, kennysheep_slug_shrine
D:6:      layout_rooms, serial_curves, eino_curves_01, eino_curves_04,
          eino_curves_01
D:7:      layout_loops_ring, enter_ossuary_1, ebering_ghost_xom,
          water_maze_lemuel
D:8:      layout_loops_cross, uniq_grum, uniq_harold
D:9:      layout_long_grid, erik_orc_1, skrybe_limestone_x
D:10:     layout_long_grid, serial_shops, nicolae_shop_window_shopping,
          enter_bailey_8
D:11:     layout_stronghold, erik_lair_dragon, serial_shops, nicolae_shop_trees,
          nicolae_shop_overgrown_old_shop, shop, kennysheep_mini,
          nicolae_shop_waterfront
Temple:   regret_index_temple_mists

Skill      XL: |  1  2  3  4  5  6  7  8  9 10 11 |
---------------+----------------------------------+-----
Maces & Flails | 3 4 5 6 8 10 11 14 | 14.0
Fighting       | 4 5 6 |  6.8
Throwing       | 3 5 6 |  6.0
Shields        | 8 |  8.9
Invocations    | 5 |  5.0
Armour         | |  3.2

Action                   |  1- 3 |  4- 6 |  7- 9 | 10-12 || total
-------------------------+-------+-------+-------+-------++-------
Melee: Flail             |   118 |    93 |   398 |   348 ||   957
       Morningstar       |       |       |    23 |       ||    23
Throw: Dart              |       |     2 |     7 |    15 ||    24
       Javelin           |       |       |       |     4 ||     4
Invok: Heroism           |       |       |       |     4 ||     4
       Finesse           |       |       |       |     1 ||     1
Evoke: Wand              |       |       |       |     8 ||     8
  Use: Scroll            |       |     1 |    10 |     4 ||    15
       Potion            |       |       |       |     4 ||     4
 Stab: Invisible         |       |       |     1 |       ||     1
Armor: Scale mail        |    64 |    46 |   235 |   100 ||   445
       Chain mail        |       |       |       |    18 ||    18
Dodge: Dodged            |    34 |    32 |   118 |    59 ||   243
Block: Kite shield       |    85 |    64 |   220 |   182 ||   551

Table legend: (Time is in decaauts)
 A = Elapsed time spent in this place.
 B = Non-inter-level travel time spent in this place.
 C = Inter-level travel time spent in this place.
 D = Time resting spent in this place.
 E = Time spent auto-exploring this place.
 F = Levels seen in this place.
 G = Mean time per level.
                   A        B        C        D        E       F      G
               +--------+--------+--------+--------+--------+-----+--------+
         Total |  13527 |  12827 |    700 |   2596 |   7900 |  14 |  966.2 |
       Dungeon |  12303 |  11632 |    671 |   2434 |   7256 |  11 | 1118.5 |
        Temple |     42 |     13 |     29 |      0 |     10 |   1 |   42.0 |
       Ossuary |    231 |    231 |      0 |      0 |    108 |   1 |  231.0 |
        Bailey |    950 |    950 |      0 |    162 |    525 |   1 |  950.0 |
               +--------+--------+--------+--------+--------+-----+--------+

Top non-repeatable levels by time:
     D:4: 2035 daAuts
     D:9: 1283 daAuts
     D:8: 1268 daAuts
     D:5: 1241 daAuts
    D:10: 1201 daAuts
     D:6: 1133 daAuts
     D:2: 1127 daAuts
     D:7: 1125 daAuts
     D:3: 973 daAuts
  Bailey: 950 daAuts
     D:1: 704 daAuts
 Ossuary: 231 daAuts
    D:11: 206 daAuts
  Temple: 42 daAuts
